 Dungeon Crawl Stone Soup version 0.18-a0-1078-gebb93d0 (webtiles) character file.

70 xgamer67 the Sneak (level 4, -1/29 HPs)
             Began as an Octopode Assassin on Jan 14, 2016.
             Slain by a goblin
             ... wielding a +0 dagger
             ... led by Robin
              (3 damage)
             ... on level 2 of the Dungeon.
             The game lasted 00:04:17 (1381 turns).

xgamer67 the Sneak (Octopode Assassin)              Turns: 1381, Time: 00:04:18

Health: -1/29      AC:  1    Str: 10    XL:     4   Next: 22%
Magic:  4/4        EV: 11    Int: 14    God:
Gold:   34         SH:  0    Dex: 13    Spells: 0 memorised, 3 levels left

rFire  . . .     SeeInvis .     a - +2 dagger
rCold  . . .     Gourm    .     (no shield)
rNeg   . . .     Faith    .     (helmet restricted)
rPois  .         Spirit   .     (no amulet)
rElec  .         Dismiss  .     (no ring)
rCorr  .         Reflect  .     (no ring)
SustAt .         Harm     .     (no ring)
MR     .....                    (no ring)
Stlth  +++++.....               (no ring)
                                (no ring)
                                (no ring)
                                (no ring)

@: not resistant to hostile enchantments, quite stealthy
A: almost no armour, amphibious, 8 rings, constrict 8, camouflage 1, gelatinous
body 1
a: no special abilities


You were on level 2 of the Dungeon.
You were not hungry.

You visited 1 branch of the dungeon, and saw 2 of its levels.

You collected 34 gold pieces.

Inventory:

Hand Weapons
 a - a +2 dagger (weapon)
 b - a +0 blowgun
Missiles
 c - 8 poisoned needles
 d - 2 curare-tipped needles
 e - 42 stones
 i - 15 exploding sling bullets
 n - 3 tomahawks (quivered)
 q - 23 sling bullets
Scrolls
 m - a scroll of identify {unknown}
 p - a scroll of magic mapping {unknown}
Potions
 g - a potion of experience {unknown}
 h - a potion of brilliance {unknown}
 j - a potion of flight {unknown}
 o - a potion of curing
Comestibles
 f - 2 bread rations
 l - a slice of pizza


   Skills:
 - Level 2.0 Fighting
 - Level 2.0 Short Blades
 - Level 2.0 Throwing
 - Level 1.0 Dodging
 + Level 7.8 Stealth


You had 3 spell levels left.
You didn't know any spells.

Dungeon Overview and Level Annotations

Branches:
Dungeon (2/15)

Altars:


Innate Abilities, Weirdness & Mutations

You cannot wear most types of armour.
You are amphibious.
You can wear up to eight rings at the same time.
You can use your tentacles to constrict eight enemies at once.
Your skin changes colour to match your surroundings (Stealth).
Your rubbery body absorbs attacks (AC +1).


Message History

You kill the hobgoblin!
The hobgoblin hits you with a club. The goblin hits you with a dagger.
You hit the goblin. You grab the goblin.
The goblin is severely wounded.
You constrict the goblin.
You kill the goblin!
The hobgoblin hits you with a club.
You hit the hobgoblin. You grab the hobgoblin.
The hobgoblin is severely wounded.
You constrict the hobgoblin. The hobgoblin hits you with a club.
You hit the hobgoblin.
You kill the hobgoblin!
The goblin hits you with a dagger.
* * * LOW HITPOINT WARNING * * *
You closely miss the goblin. Your grab misses the goblin.
The goblin hits you with a dagger.
* * * LOW HITPOINT WARNING * * *
You closely miss the goblin. You grab the goblin. You constrict the goblin.
The goblin hits you with a dagger.
You die...

.. .. #.. .# # #..##.#
#.#.....# ###.#.##..#.#
#.#.......#.# . #.
#.##..g)...# .. #..
#.#..)@..######?.. #...
#..##)#.......... #...#
##.##............ #....#
##g.##............
#.....###g#.##...######...
#......#g##......# #.#
#.######[.## ..#
#..g)gg)..# ###
########.##


You could see a goblin.

Vanquished Creatures
  Robin (D:2)
  A gnoll (D:1)
  A worm (D:2)
  A ball python (D:1)
  2 giant cockroaches (D:1)
  9 goblins
  5 hobgoblins
  3 jackals (D:1)
  6 kobolds (D:1)
  5 bats (D:1)
  3 giant newts (D:1)
  9 rats
46 creatures vanquished.

Notes
Turn   | Place    | Note
--------------------------------------------------------------
     0 | D:1      | xgamer67 the Octopode Assassin began the quest for the Orb.
     0 | D:1      | Reached XP level 1. HP: 14/14 MP: 1/1
   176 | D:1      | Reached XP level 2. HP: 8/19 MP: 2/2
   180 | D:1      | Reached skill level 6 in Stealth
   551 | D:1      | Reached XP level 3. HP: 24/24 MP: 3/3
   660 | D:1      | Reached skill level 7 in Stealth
  1099 | D:2      | Noticed Robin
  1119 | D:2      | Killed Robin
  1119 | D:2      | Reached XP level 4. HP: 7/29 MP: 4/4
  1381 | D:2      | Slain by a goblin

Vault maps used:
D:1:      dpeg_arrival_sounds_slurp
D:2:      nicolae_overflow_hidden_temple, uniq_robin

Action                   |  1- 3 |  4- 6 || total
-------------------------+-------+-------++-------
Melee: Dagger            |    73 |    13 ||    86
 Fire: Blowgun           |     4 |       ||     4
Throw: Stone             |     7 |       ||     7
  Use: Potion            |       |     1 ||     1
 Stab: Sleeping          |    11 |       ||    11
       Distracted        |       |     1 ||     1
  Eat: Chunk             |       |     1 ||     1
